 Dungeon Crawl Stone Soup version 0.31-a0-180-g519b7de00c (webtiles) character file.

Game seed: 8206168293984260605

455 Maxmaps the Shooter (level 6, -7/43 HPs)
             Began as a Demonspawn Hexslinger on June 19, 2023.
             Mangled by Edmund
             ... wielding a +2 dire flail of holy wrath
              (14 damage)
             ... on level 4 of the Dungeon.
             The game lasted 00:02:20 (2774 turns).

Maxmaps the Shooter (Demonspawn Hexslinger)         Turns: 2774, Time: 00:02:21

Health: -7/43      AC:  5    Str:  8    XL:     6   Next: 76%
Magic:  7/7        EV: 10    Int: 17    God:
Gold:   238        SH:  4    Dex: 15    Spells: 6/7 levels left

rFire   . . .        q - +0 shortbow
rCold   . . .        (shield currently unavailable)
rNeg    . . .        h - +0 ring mail
rPois   .            (no helmet)
rElec   .            (no cloak)
rCorr   +            (no gloves)
SInv    .            (no boots)
Will    .....        (no amulet)
Stlth   +            k - ring of resist corrosion
HPRegen 0.27/turn    (no ring)
MPRegen 0.10/turn

%: no passive effects
@: no status effects
A: large bone plates 1, ignite blood 1, spiny 1
a: no special abilities


You were on level 4 of the Dungeon.
You visited 1 branch of the dungeon, and saw 4 of its levels.

You collected 238 gold pieces.

Inventory:

Hand Weapons
 a - a +1 sling
 q - a +0 shortbow (weapon)
Armour
 c - a +0 robe
 h - a +0 ring mail (worn)
Jewellery
 k - a ring of resist corrosion (left hand)
 p - a ring of ice
Scrolls
 b - a scroll of poison
 d - 3 scrolls of vulnerability {unknown}
 f - 4 scrolls of identify {unknown}
 j - 2 scrolls of noise {unknown}
 l - 2 scrolls of amnesia {unknown}
 n - a scroll of enchant weapon {unknown}
 o - 5 scrolls of teleportation {unknown}
 r - a scroll of fear {unknown}
 s - 3 scrolls of silence {unknown}
 u - 2 scrolls of fog {unknown}
Potions
 g - a potion of haste {unknown}
 i - a potion of enlightenment {unknown}
 m - a potion of might {unknown}
 t - a potion of attraction {unknown}
 v - a potion of ambrosia {unknown}


   Skills:
 - Level 1.0 Fighting
 + Level 6.7 Ranged Weapons
 - Level 1.7 Dodging
 - Level 1.0 Spellcasting
 - Level 3.0 Hexes


You had 6 spell levels left.
You knew the following spells:

 Your Spells              Type           Power      Damage    Failure   Level
a - Slow                  Hex            44%        N/A       19%         1

Your spell library contained the following spells:

 Spells                   Type           Power      Damage    Failure   Level
 Inner Flame              Hex/Fire       5%         N/A       71%         3
 Portal Projectile        Hex/Tloc       10%        N/A       71%         3
 Cause Fear               Hex            5%         N/A       88%         4


Dungeon Overview and Level Annotations

Branches:
Dungeon (4/15)
 Temple: D:4-7

Altars:

Shops:
D:1 (

Annotations:
D:4 Edmund


Innate Abilities, Weirdness & Mutations

You are partially covered in large bone plates. (SH +4)
Your demonic aura sometimes causes spilled blood to erupt in flames.
You are partially covered in sharp spines.


Message History

You are too injured to fight recklessly!
Fire: q) +0 shortbow
Press: ? - help, Shift-Dir - straight line, f/p - Edmund
Aim: Edmund, wielding a +2 dire flail of holy wrath and wearing a +0 leather armour (heavily wounded, 62% to hit)
You shoot an arrow. The arrow completely misses Edmund.
The arrow hits the iguana!
The iguana is severely wounded.
Edmund gestures with his flail.
Edmund is struck by your spines.
Edmund hits you with a +2 dire flail of holy wrath.
* * * LOW HITPOINT WARNING * * *
You convulse.
* * * LOW HITPOINT WARNING * * *
You feel much better. Edmund is struck by your spines.
Edmund hits you but does no damage.
Fire: q) +0 shortbow
Press: ? - help, Shift-Dir - straight line, f/p - Edmund
Aim: Edmund, wielding a +2 dire flail of holy wrath and wearing a +0 leather armour (severely wounded, 62% to hit)
You shoot an arrow. The arrow barely misses Edmund.
The arrow hits the iguana but does no damage.
The iguana is severely wounded.
Edmund is struck by your spines.
Edmund hits you with a +2 dire flail of holy wrath!
You convulse!
* * * LOW HITPOINT WARNING * * *
Edmund is struck by your spines. Edmund misses you.
Fire: q) +0 shortbow
Press: ? - help, Shift-Dir - straight line, f/p - Edmund
Aim: Edmund, wielding a +2 dire flail of holy wrath and wearing a +0 leather armour (almost dead, 62% to hit)
You shoot an arrow.
The arrow hits Edmund but does no damage.
Edmund is almost dead.
You block Edmund's attack.
Fire: q) +0 shortbow
Press: ? - help, Shift-Dir - straight line, f/p - Edmund
Aim: Edmund, wielding a +2 dire flail of holy wrath and wearing a +0 leather armour (almost dead, 62% to hit)
You shoot an arrow. The arrow barely misses Edmund.
The arrow closely misses the iguana.
Edmund hits you with a +2 dire flail of holy wrath!
You die...

###.........###
#...........# #
#..........## #
#..........# #
#.#.........# #
#.>....^.#..###
#.......##.....
##########.......##...##
#......@@l..............
#.########.......##..###
#.......##
...............
####..........)
............#
#.....#.#.##.# .......
.#.# .# ##..... ##.#


You could see Edmund and an iguana.

Vanquished Creatures
  Sigmund (D:3)
  A hound (D:4)
  A jelly (D:4)
  An orc priest (D:2)
  2 orc wizards (D:4)
  4 adders
  4 gnolls (D:3)
  A white imp (D:3)
  A worm (D:3)
  3 dart slugs
  7 orcs
  An endoplasm (D:1)
  A giant cockroach (D:2)
  9 goblins
  5 hobgoblins
  2 kobolds
  A quokka (D:1)
  7 ball pythons
  3 bats
  3 frilled lizards
  4 rats
62 creatures vanquished.

Notes
Turn   | Place    | Note
-------+----------+-------------------------------------------
     0 | D:1      | Maxmaps the Demonspawn Hexslinger began the quest for the
                  | Orb.
     0 | D:1      | Reached XP level 1. HP: 15/15 MP: 2/2
    75 | D:1      | Reached skill level 2 in Ranged Weapons
   181 | D:1      | Gained mutation: You are partially covered in sharp spines.
                  | [demonic ancestry]
   181 | D:1      | Reached XP level 2. HP: 21/21 MP: 3/3
   190 | D:1      | Found Tisan's Weapon Boutique.
   898 | D:2      | Reached skill level 3 in Ranged Weapons
   901 | D:2      | Reached XP level 3. HP: 15/26 MP: 4/4
  1252 | D:2      | Reached skill level 4 in Ranged Weapons
  1252 | D:2      | Reached XP level 4. HP: 23/32 MP: 5/5
  1881 | D:3      | Gained mutation: Your demonic aura sometimes causes spilled
                  | blood to erupt in flames. [demonic ancestry]
  1881 | D:3      | Reached XP level 5. HP: 37/37 MP: 6/6
  2004 | D:3      | Reached skill level 5 in Ranged Weapons
  2045 | D:3      | Found a faded altar of an unknown god.
  2127 | D:3      | Noticed Sigmund
  2133 | D:3      | Killed Sigmund
  2134 | D:3      | Reached skill level 6 in Ranged Weapons
  2134 | D:3      | Gained mutation: You are partially covered in large bone
                  | plates. (SH +4) [demonic ancestry]
  2134 | D:3      | Reached XP level 6. HP: 41/43 MP: 7/7
  2752 | D:4      | Noticed Edmund
  2774 | D:4      | Mangled by Edmund

Illustrated notes

Levels and vault maps discovered:
D:1:      moated_graveyard_arrival, layout_basic, serial_shops, shop,
          ebering_dispersal_statue_hall
D:2:      cheibrodos_pilgrimage, layout_loops_ring
D:3:      kennysheep_the_goblin_king, layout_basic,
          chequers_ecumenical_altar_simple, nicolae_grassy_gnolls, uniq_sigmund
D:4:      layout_loops_ring, uniq_edmund

Skill      XL: |  1  2  3  4  5 |
---------------+----------------+-----
Ranged Weapons | 2 3 4 6 |  6.7
Fighting       | |  1.0
Dodging        | |  1.7
Spellcasting   | |  1.0
Hexes          | |  3.0

Action                     |  1- 3 |  4- 6 || total
---------------------------+-------+-------++-------
  Melee: Shortbow          |       |     4 ||     4
   Fire: Sling             |    80 |     6 ||    86
         Shortbow          |       |   114 ||   114
    Use: Potion            |       |     3 ||     3
 Armour: Robe              |     1 |       ||     1
         Ring mail         |     6 |    16 ||    22
  Dodge: Dodged            |    21 |    20 ||    41
  Block: Other             |       |     4 ||     4

Table legend: (Time is in decaauts)
 A = Elapsed time spent in this place.
 B = Non-inter-level travel time spent in this place.
 C = Inter-level travel time spent in this place.
 D = Time resting spent in this place.
 E = Time spent auto-exploring this place.
 F = Levels seen in this place.
 G = Mean time per level.
                   A        B        C        D        E       F      G
               +--------+--------+--------+--------+--------+-----+--------+
         Total |   2841 |   2712 |    129 |    155 |   2117 |   4 |  710.2 |
       Dungeon |   2841 |   2712 |    129 |    155 |   2117 |   4 |  710.2 |
               +--------+--------+--------+--------+--------+-----+--------+

Top non-repeatable levels by time:
     D:2: 941 daAuts
     D:3: 880 daAuts
     D:1: 714 daAuts
     D:4: 305 daAuts
